 Dungeon Crawl Stone Soup version 0.25.0-41-g26779e291d (webtiles) character file.

Game seed: 13583414764126427795

169 Ethylacetat the Poker (level 5, -24/36 HPs)
             Began as an Octopode Gladiator on July 10, 2020.
             Blown up by Ijyb (27 damage)
             ... with a disintegration bolt
             ... on level 3 of the Dungeon.
             The game lasted 00:03:35 (2348 turns).

Ethylacetat the Poker (Octopode Gladiator)          Turns: 2348, Time: 00:03:36

Health: -24/36     AC:  1    Str: 14    XL:     5   Next: 50%
Magic:  5/5        EV: 14    Int: 11    God:
Gold:   184        SH:  0    Dex: 13    Spells: 4/4 levels left

rFire    . . .     SeeInvis .   a - +0 trident
rCold    . . .     Gourm    .   (no shield)
rNeg     . . .     Faith    .   b - +0 hat
rPois    .         Spirit   .   (no amulet)
rElec    .         Reflect  .   p - ring of resist corrosion
rCorr    +         Harm     .   h - ring of stealth
MR       .....                  (no ring)
Stlth    +++.......             (no ring)
HPRegen  0.12/turn              (no ring)
MPRegen  0.09/turn              (no ring)
                                (no ring)
                                (no ring)

@: no status effects
A: almost no armour, stealthy swim, amphibious, 8 rings, constrict 8, camouflage
1, gelatinous body 1
a: no special abilities


You were on level 3 of the Dungeon.
You were not hungry.

You visited 1 branch of the dungeon, and saw 3 of its levels.

You collected 184 gold pieces.

Inventory:

Hand Weapons
 a - a +0 trident (weapon)
Missiles
 c - 3 throwing nets (quivered)
Armour
 b - a +0 hat (worn)
Jewellery
 h - a ring of stealth (right tentacle)
 p - a ring of resist corrosion (left tentacle)
 q - a +6 ring of strength {unknown}
Scrolls
 e - a scroll of noise {unknown}
 f - a scroll of magic mapping {unknown}
 k - a scroll of remove curse {unknown}
 m - 2 scrolls of identify {unknown}
 o - a scroll of teleportation {unknown}
 r - a scroll of enchant weapon {unknown}
 t - 2 scrolls of immolation {unknown}
 u - a scroll of blinking {unknown}
Potions
 g - a potion of stabbing {unknown}
 i - 4 potions of curing {unknown}
 j - a potion of resistance {unknown}
 l - a potion of haste {unknown}
 n - a potion of brilliance {unknown}
 s - a potion of degeneration {unknown}
Comestibles
 d - 8 rations


   Skills:
 + Level 3.4 Fighting
 * Level 5.2 Polearms
 - Level 2.0 Throwing
 - Level 3.0 Dodging


You had 4 spell levels left.
You didn't know any spells.
Your spell library was empty.

Dungeon Overview and Level Annotations

Branches:
Dungeon (3/15)

Altars:

Annotations:
D:3 Ijyb


Innate Abilities, Weirdness & Mutations

You cannot wear most types of armour.
You are very stealthy in the water. (Stealth+)
You are amphibious.
You can wear up to eight rings at the same time.
You can use your tentacles to constrict eight enemies at once.
Your skin changes colour to match your surroundings (Stealth+).
Your rubbery body absorbs attacks. (AC +1, EV +1)


Message History

Ijyb is heavily wounded.
The bat barely misses you.
Attack whom?
Press: ? - help, Dir - move target cursor, f/p - Ijyb
Aim: Ijyb, wearing a +0 leather armour and carrying a wand of disintegration (13) (heavily wounded)
The kobold is in the way.
You hit the kobold.
You kill the kobold!
The bat hits you.
* * * LOW HITPOINT WARNING * * *
Attack whom?
Press: ? - help, Dir - move target cursor, f/p - Ijyb
Aim: Ijyb, wearing a +0 leather armour and carrying a wand of disintegration (13) (heavily wounded)
The bat is in the way.
You barely miss the bat. Your grab misses the bat. The bat hits you.
* * * LOW HITPOINT WARNING * * *
You hit Ijyb but do no damage. Your grab misses Ijyb. You squeeze Ijyb.
Ijyb is heavily wounded.
Ijyb zaps a wand.
You are blasted!
Ouch! That really hurt!
You die...

#...........#
#.####.##'#.#
#.#..#.#..#.#
#.#..'.'..#.#
#.#'##.####.#
##
#...........#
..
#.#'##.####.#
#.####.#..#.#
#.# ...#@#..+.+
#.# #.#g####.#
#.)b..(....
#.#########
#..(..b....!
........K..####
.....#.....#
.............
..............


You could see Ijyb and a bat.

Vanquished Creatures
  Natasha (twice) (D:2)
  2 adders
  2 oozes (D:2)
  2 worms
  2 dart slugs
  8 orcs (D:3)
  7 giant cockroaches
  9 hobgoblins
  8 jackals
  A quokka (D:2)
  2 ball pythons
  6 bats
  7 frilled lizards
  5 goblins
  9 kobolds
  3 rats (D:2)
75 creatures vanquished.

Notes
Turn   | Place    | Note
-------+----------+-------------------------------------------
     0 | D:1      | Ethylacetat the Octopode Gladiator began the quest for the
                  | Orb.
     0 | D:1      | Reached XP level 1. HP: 14/14 MP: 1/1
   232 | D:1      | Reached XP level 2. HP: 19/19 MP: 2/2
   686 | D:1      | Reached XP level 3. HP: 25/25 MP: 3/3
   969 | D:2      | Reached skill level 4 in Polearms
  1318 | D:2      | Reached XP level 4. HP: 30/30 MP: 4/4
  1346 | D:2      | Noticed Natasha
  1350 | D:2      | Killed Natasha
  1669 | D:2      | Noticed Natasha
  1674 | D:2      | Killed Natasha
  1674 | D:2      | Reached XP level 5. HP: 31/36 MP: 5/5
  1871 | D:3      | Reached skill level 5 in Polearms
  2331 | D:3      | Noticed Ijyb
  2348 | D:3      | Blown up by Ijyb

Illustrated notes

Levels and vault maps discovered:
D:1:      erik_arrival_cave_to_civilisation [erik_arrival_cave_to_hall],
          layout_loops_ring, hangedman_decor_growths
D:2:      minmay_wonky_spiral, layout_loops_ring, first_ration,
          minmay_small_reverse_x, uniq_natasha
D:3:      minmay_door_path, layout_loops_ring, serial_bayou_pond_c, uniq_ijyb

Skill      XL: |  1  2  3  4  5 |
---------------+----------------+-----
Polearms       | 4 5 |  5.2
Fighting       | 3 |  3.4
Throwing       | |  2.0
Dodging        | |  3.0

Action                   |  1- 3 |  4- 6 || total
-------------------------+-------+-------++-------
Melee: Trident           |    80 |    87 ||   167
       Constrict         |    13 |    17 ||    30
       Tentacles         |     5 |    13 ||    18
 Stab: Sleeping          |    12 |    11 ||    23
       Distracted        |     1 |       ||     1
  Eat: Chunk             |     1 |     4 ||     5
Armor: Skin              |     1 |     4 ||     5
Dodge: Dodged            |    37 |    41 ||    78
